 Dungeon Crawl Stone Soup version 0.30-a0-965-g42e074c17a (webtiles) character file.

Game seed: 9146317633007775341

206821 GloriousHammer the Wrestler (level 18, -4/173 (185) HPs)
             Began as a Troll Fighter on Mar 30, 2023.
             Was a High Priest of Wu Jian.
             Slain by a wolf spider (8 damage)
             ... on level 4 of the Spider Nest.
             The game lasted 02:07:16 (42817 turns).

GloriousHammer the Wrestler (Troll Fighter)        Turns: 42817, Time: 02:07:16

HP:   -4/173 (185)  AC:  8    Str: 29    XL:     18   Next: 8%
MP:   18/18         EV: 16    Int: 10    God:    Wu Jian [*****.]
Gold: 4074          SH:  0    Dex:  9    Spells: 9/19 levels left

rFire   . . .      SeeInvis .      - Unarmed
rCold   + . .      Faith    .    b - +5 kite shield {rC+}
rNeg    . . .      Spirit   .    m - +1 swamp dragon scales
rPois   +          Reflect  .    Y - +1 hat
rElec   .          Rampage  .    c - scarf {+Inv}
rCorr   .                        (gloves unavailable)
Will    ++...                    (boots unavailable) Stlth
                                 J - amulet of regeneration
HPRegen 2.08/turn                T - +4 ring of protection
MPRegen 0.16/turn                W - ring of willpower

@: confused, corroded, in a heavenly storm, glowing, studying Armour, drained
A: large, unfitting armour, claws 3, regeneration 1, shaggy fur 1, tough skin 1
}: 1/15 runes: decaying
a: Renounce Religion, Evoke Invisibility, Wall Jump, Serpent's Lash, Heavenly
Storm


You were on level 4 of the Spider Nest.
You worshipped Wu Jian.
Wu Jian was extremely pleased with you.
You visited 6 branches of the dungeon, and saw 31 of its levels.
You visited the Abyss 1 time.
You also visited: Bailey and Ice Cave.

You collected 4400 gold pieces.
You spent 326 gold pieces at shops.

Inventory:

Missiles
 k - 4 datura-tipped darts
 p - 28 large rocks
 q - 2 boomerangs of dispersal
 w - 28 poisoned darts (quivered)
 z - 13 silver javelins
 L - 32 javelins
 N - 11 curare-tipped darts
 X - 5 throwing nets
Armour
 b - a +5 kite shield of cold resistance (worn)
 c - a scarf of invisibility (worn)
 m - +1 swamp dragon scales (worn)
 Y - a +1 hat (worn)
 Z - quicksilver dragon scales
Jewellery
 f - the ring of the Briny Deep {Fire rN+ rCorr}
   (You found it on level 13 of the Dungeon)

   [ring of fire]

   It enhances your fire magic.
   rF:        It protects you from fire.
   rC:        It makes you vulnerable to cold.
   rN:        It protects you from negative energy.
   rCorr:     It protects you from acid and corrosion.
 v - a ring of see invisible
 C - a ring of protection from cold
 E - a +5 ring of evasion
 F - a ring of protection from fire
 J - an amulet of regeneration (around neck)
 S - a +6 ring of strength
 T - a +4 ring of protection (left claw)
 W - a ring of willpower (right claw)
Wands
 d - a wand of digging (5)
 e - a wand of paralysis (28)
 j - a wand of roots (27)
 M - a wand of flame (36)
 O - a wand of light (13)
 V - a wand of mindburst (15)
Scrolls
 g - 5 scrolls of teleportation
 h - 3 scrolls of fog
 n - 4 scrolls of magic mapping
 o - 2 scrolls of fear
 s - 5 scrolls of poison
 t - 3 scrolls of torment
 x - 2 scrolls of silence
 y - 6 scrolls of immolation
 H - 4 scrolls of vulnerability
Potions
 a - 2 potions of invisibility
 i - 7 potions of brilliance
 l - 6 potions of magic
 r - 7 potions of curing
 u - a potion of heal wounds
 A - 4 potions of attraction
 B - 4 potions of resistance
 D - 9 potions of mutation
 G - 2 potions of haste
 I - 6 potions of flight
 K - 4 potions of might
 Q - 2 potions of lignification
 R - a potion of berserk rage
 U - 2 potions of ambrosia {unknown}
Miscellaneous
 P - a phantom mirror


   Skills:
 - Level 13.3 Fighting
 - Level 5.5 Throwing
 - Level 6.0 Armour
 - Level 9.9 Dodging
 - Level 13.3 Shields
 - Level 21.1 Unarmed Combat
 + Level 1.3 Spellcasting
 + Level 4.7 Transmutations
 + Level 2.0 Earth Magic
 - Level 3.5 Evocations


You had 9 spell levels left.
You knew the following spells:

 Your Spells              Type           Power      Damage    Failure   Level
a - Wereblood             Tmut           10%        N/A       17%         2
b - Statue Form           Tmut/Erth      4%         N/A       100%        6
c - Passwall              Tmut/Erth      5%         N/A       28%         2

Your spell library contained the following spells:

 Spells                   Type           Power      Damage    Failure   Level
 Beastly Appendage        Tmut           20%        N/A       11%         1
 Sting                    Tmut/Pois      20%        1d4       28%         1
 Sandblast                Erth           8%         2d5       32%         1
 Necrotise                Necr           0%         1d4       61%         1
 Spider Form              Tmut/Pois      5%         N/A       65%         3
 Poisonous Vapours        Pois/Air       0%         N/A       75%         2
 Scorch                   Fire           0%         2d5       75%         2
 Sublimation of Blood     Necr           0%         N/A       75%         2
 Ignite Poison            Fire/Tmut/Pois 3%         N/A       77%         3
 Petrify                  Tmut/Erth      7%         N/A       88%         4
 Dazzling Flash           Conj/Hex       0%         N/A       93%         3
 Frozen Ramparts          Ice            0%         1d1       93%         3
 Inner Flame              Hex/Fire       0%         N/A       93%         3
 Kindle Blastsparks       Fire/Tloc/Air  0%         2d10      93%         3
 Portal Projectile        Hex/Tloc       0%         N/A       93%         3
 Tukima's Dance           Hex            0%         N/A       93%         3
 Vampiric Draining        Necr           0%         2d6       93%         3
 Vhi's Electric Charge    Tloc/Air       0%         N/A       93%         3
 Ice Form                 Ice/Tmut       5%         N/A       96%         4
 Blade Hands              Tmut           5%         N/A       97%         5
 Animate Armour           Summ/Erth      4%         N/A       99%         4
 Airstrike                Air            0%         2d(0-16)  100%        4
 Flame Wave               Conj/Fire      0%         2d4       100%        4
 Fulminant Prism          Conj/Hex       0%         3d5       100%        4
 Iskenderun's Mystic Bla  Conj/Tloc      0%         2d3       100%        4
 Olgreb's Toxic Radiance  Pois           0%         N/A       100%        4
 Sticky Flame             Conj/Fire      0%         2d3       100%        4
 Summon Ice Beast         Ice/Summ       0%         N/A       100%        4
 Summon Lightning Spire   Summ/Air       0%         N/A       100%        4
 Agony                    Necr           0%         N/A       100%        5
 Arcjolt                  Conj/Air       0%         1d10      100%        5
 Borgnjor's Vile Clutch   Necr/Erth      1%         N/A       100%        5
 Freezing Cloud           Conj/Ice/Air   0%         6-21      100%        5
 Irradiate                Conj/Tmut      2%         3d12      100%        5
 Lee's Rapid Deconstruct  Erth           2%         3d4*      100%        5
 Metabolic Englaciation   Hex/Ice        0%         N/A       100%        5
 Plasma Beam              Fire/Air       0%         2x1d7     100%        5
 Silence                  Hex/Air        0%         N/A       100%        5
 Summon Forest            Summ/Tloc      0%         N/A       100%        5
 Summon Mana Viper        Hex/Summ       0%         N/A       100%        5
 Eringya's Noxious Bog    Tmut/Pois      2%         N/A       100%        6
 Iron Shot                Conj/Erth      1%         9d1       100%        6
 Starburst                Conj/Fire      0%         6d3       100%        6
 Summon Cactus Giant      Summ           0%         N/A       100%        6
 Ozocubu's Refrigeration  Ice            0%         4d7       100%        7
 Maxwell's Capacitive Co  Air            0%         ∞         100%        8
 Necromutation            Tmut/Necr      2%         N/A       100%        8


Dungeon Overview and Level Annotations

Branches:
Dungeon (15/15)            Temple (1/1) D:5            Lair (5/5) D:8
  Swamp (4/4) Lair:3       Spider (4/4) Lair:3          Orc (2/2) D:10
    Elf (0/3) Orc:2        Vaults (0/5) D:14         Depths (0/4) D:15
 Bailey (visited)           IceCv (visited)
  Slime: Lair:4-5

Altars:
Ashenzari
Cheibriados
Dithmenos
Elyvilon
Fedhas
Gozag
Hepliaklqana
Kikubaaqudgha
Makhleb
Nemelex Xobeh
Okawaru
Qazlal
Ru
Sif Muna
Trog
Uskayaw
Vehumet
Wu Jian
Xom
Yredelemnul
Zin
The Shining One
Jiyva

Shops:
D:14 (   Orc:2 **[[

Annotations:
D:14 2 transporters
Lair:2 exclusions: door and hydra
Lair:3 exclusion: oklob plant
Lair:4 exclusions: downstairs and oklob plant
Spider:3 exclusion: downstairs
Spider:4 3 runed translucent doors, Lahaam's ghost, adept MiBe; Musia's ghost, adept DjCj


Innate Abilities, Weirdness & Mutations

You are too large for most types of armour.
You have claws for hands.
Your natural rate of healing is unusually fast.
You are covered in fur. (AC +1)
You have tough skin. (AC +1)


Message History

You are confused.
A redback comes into view.
The wolf spider hits you!
The wolf spider bites you but does no damage.
You scratch the wolf spider but do no damage.
The tarantella misses you.
A culicivora comes into view.
A jumping spider comes into view. x2
The wolf spider hits you! The wolf spider bites you.
Unknown command.
Unknown command.
You feel better. The tarantella completely misses you.
The jumping spider leaps!
The wolf spider hits you. The wolf spider bites you.
You are poisoned.
The wolf spider poisons you! You block the tarantella's attack.
You spin and attack the wolf spider.
You completely miss the wolf spider.
You feel extremely sick. You block the wolf spider's attack.
The wolf spider bites you but does no damage.
A culicivora comes into view.
The wolf spider hits you but does no damage.
You block the wolf spider's attack.
You spin and attack the wolf spider.
The culicivora's many legs skitter faintly.
You mangle the wolf spider!!
The wolf spider is heavily wounded.
You feel extremely sick.
You hear a faint skittering sound.
You hear a skittering sound.
The jumping spider leaps!
The wolf spider hits you! You block the wolf spider's attack.
The tarantella barely misses you.
You spin and attack the tarantella repeatedly.
You miss the tarantella.
The tarantella is moderately wounded.
You miss the tarantella.
The tarantella is moderately wounded.
You feel very sick. The tarantella touches you!
You are confused.
The wolf spider completely misses you. The wolf spider barely misses you.
You feel better. You block the tarantella's attack.
The jumping spider leaps!
The jumping spider pounces on you. You block the jumping spider's attack.
The wolf spider hits you!
The wolf spider bites you but does no damage.
The entropy weaver gestures at you while chanting.
The entropic weave corrodes you!
A tarantella comes into view.
The jumping spider leaps!
The tarantella's many legs skitter faintly.
You're wearing all the rings you can.
Remove which one? (? for menu, Esc to cancel) < or
T - a +4 ring of protection; > or
E - a +5 ring of evasion You remove your +5 ring of evasion.
The jumping spider pounces on you but does no damage.
The jumping spider bites you but does no damage.
W - a ring of willpower (right claw)
The pharaoh ant bites you!!
The jumping spider leaps!
You block the jumping spider's attack. The jumping spider closely misses you.
A tarantella comes into view.
The wolf spider hits you! You block the wolf spider's attack.
The redback closely misses you.
You barely miss the wolf spider.
The wolf spider is moderately wounded.
The tarantella's many legs skitter faintly.
The pharaoh ant barely misses you.
You block the entropy weaver's attack. x2
The entropy weaver hits you! You block the entropy weaver's attack.
The jumping spider leaps! x2; The wolf spider hits you.
The wolf spider bites you but does no damage.
The redback barely misses you.
You spin and attack the wolf spider repeatedly.
You claw the wolf spider!
The wolf spider is heavily wounded.
You barely miss the wolf spider.
The wolf spider is heavily wounded.
You feel less exhausted.
The wolf spider is healed somewhat.
The wolf spider misses you. You block the wolf spider's attack.
The air is filled with shimmering golden clouds!
Sifu Ma Yunglu says: The storm will not cease as long as you keep fighting, disciple!
You hear a faint skittering sound.
You hear a skittering sound. x2
You hear a faint skittering sound.
You hear a skittering sound. x3
The pharaoh ant bites you!
You feel drained.
You block the wolf spider's attack. x2; The tarantella touches you!
You are confused.
The entropy weaver hits you but does no damage. x3
The entropy weaver completely misses you.
The culicivora barely misses you. The pharaoh ant completely misses you.
The wolf spider hits you. The wolf spider misses you.
The pharaoh ant attacks as you move away!
The pharaoh ant bites you!!
* * * LOW HITPOINT WARNING * * *
You feel drained.
* * * LOW HITPOINT WARNING * * *
2 wolf spiders and a culicivora come into view.
You hear an angry buzzing noise.
The wolf spider is healed somewhat.
The entropy weaver gestures at you while chanting.
The entropic weave corrodes you! The culicivora bites you!
* * * LOW HITPOINT WARNING * * *
The culicivora draws strength from your injuries!
The jumping spider leaps!
The wolf spider hits you!
You die...

#.............#....
....
#..................
....
#............s.....
##^
#.........†s...s...
##
#..........†....s..
#
#.^^.§§§§§.......°.
...
#....§§§Bss[.......
...
#.^..☼Bsss§..s.....
...
#....§☼s@§§.......^
...
#....☼☼§§s§.^....##
.^.
#.....§§§☼☼.....##
..(
#.}.........$....
...
#................
.^.
#.......^........
...
#.......s....... .
#.........#..... .
#^.....<#...#.


You could see an entropy weaver, a wolf spider, 2 culicivoras, a pharaoh ant, a
jumping spider, 2 tarantellas and a redback.

Vanquished Creatures
  Arachne (Spider:3)
  Jorgrun (Spider:1)
  Frances (Swamp:1)
  2 thorn hunters (Swamp:4)
  A fenstrider witch (Swamp:3)
  Donald (Spider:2)
  Roxanne (Spider:2)
  Kirke (Swamp:3)
  The ghost of Epaggetor the Severer, a journeyman HOFi of Zin (D:12)
  Louise (Spider:1)
  An emperor scorpion (Spider:4)
  A ghost moth (Spider:3)
  Aizul (Spider:2)
  A broodmother (Spider:2)
  Azrael (Spider:1)
  2 eleionomae
  A bunyip (Swamp:1)
  A white draconian (IceCv)
  Snorg (Lair:3)
  2 fire dragons (D:15)
  5 entropy weavers
  4 shambling mangroves
  2 vault guards (D:14)
  Fannar (Lair:1)
  2 rakshasas (D:14)
  19 hydras
  4 jorogumos
  6 radroaches
  5 boulder beetles
  A death knight (D:15)
  3 centaur warriors
  4 ghost crabs
  4 two-headed ogres
  6 alligators
  5 death yaks (Lair:5)
  2 tengu warriors
  Urug (Lair:5)
  4 orc high priests
  A skyshark (Lair:4)
  Amaemon (D:8)
  2 sun moths
  2 pharaoh ants
  3 goliath frogs
  3 skeletal warriors
  10 swamp dragons
  3 spriggan druids
  An obsidian statue (D:9)
  7 wizards
  A steelbarb worm (Spider:3)
  4 bog bodies (Swamp:4)
  2 orb spiders (Spider:3)
  7 deep elf pyromancers
  A necromancer (D:14)
  6 orc knights
  5 orc sorcerers
  14 ugly things
  10 cyclopes
  11 wolf spiders
  4 will-o-the-wisps
  4 manticores
  A moth of wrath (Spider:3)
  4 elephants (Lair:3)
  8 black mambas
  5 demonic crawlers
  11 cane toads
  A gargoyle (D:12)
  2 ice statues (IceCv)
  An orange demon (D:8)
  2 torpor snails
  An unseen horror (D:11)
  3 kobold demonologists
  8 rime drakes
  A tengu conjurer (D:14)
  A freezing wraith (D:15)
  16 komodo dragons
  2 bloated husks (Swamp:1)
  3 meliai (D:14)
  15 tyrant leeches
  8 trolls
  6 polar bears
  14 tarantellas
  A dream sheep (Lair:5)
  22 hornets
  21 blink frogs
  26 jumping spiders
  7 wyverns
  20 culicivoras
  A vampire (D:13)
  19 spriggans
  Sigmund (D:5)
  3 shadows
  18 humans (D:14)
  A large abomination (Abyss:2)
  3 wraiths
  6 fire elementals
  69 yaks
  3 hogs (Swamp:3)
  7 steam dragons
  36 redbacks
  12 vampire mosquitoes
  8 basilisks
  The ghost of EonDragon20 the Insei, an amateur MfTm (D:5)
  12 swamp worms
  6 wargs
  Edmund (D:4)
  5 acid dragons
  6 hell hounds (Spider:1)
  7 swamp drakes (Swamp:4)
  14 water moccasins
  45 orc warriors
  7 black bears
  4 ogres
  44 wolves
  3 boggarts (Lair:5)
  15 centaurs
  2 phantoms
  17 bullfrogs
  3 kobold brigands
  2 gnoll sergeants (D:9)
  A scorpion (D:5)
  23 wights
  12 killer bees
  2 lindwurm simulacra (IceCv)
  2 electric eels (Lair:2)
  2 howler monkeys (D:9)
  2 jellies
  7 komodo dragon simulacra (IceCv)
  26 orc priests
  3 hounds (D:5)
  4 sleepcaps
  An iron imp (Abyss:2)
  4 iguanas
  6 hell rats (Lair:4)
  35 orc wizards
  A polar bear simulacrum (Lair:1)
  6 acid dragon simulacra (IceCv)
  7 adders
  8 gnolls
  7 river rats (D:5)
  2 shadow imps
  A white imp (D:6)
  6 steam dragon simulacra (IceCv)
  2 ufetubi
  8 worms
  3 dart slugs
  104 orcs
  5 ball pythons
  5 endoplasms
  2 giant cockroaches (D:1)
  6 goblins
  5 hobgoblins
  10 jackals
  7 kobolds
  9 quokkas
  7 bats
  5 frilled lizards
  22 rats
1162 creatures vanquished.

Vanquished Creatures (collateral kills)
  An emperor scorpion (Spider:3)
  A hydra (Lair:2)
  A boulder beetle (D:9)
  A polar bear (Lair:2)
  A basilisk (Lair:2)
  An electric eel (Lair:2)
6 creatures vanquished.

Vanquished Creatures (others)
  A rime drake (IceCv)
  2 bloated husks
  2 tyrant leeches
  A human (Swamp:3)
  A swamp worm (Swamp:3)
  An orc (Bailey)
  A bush (Lair:4)
  17 foxfires
  35 fungi
  31 plants
92 creatures vanquished.

Grand Total: 1260 creatures vanquished

Notes
Turn   | Place    | Note
-------+----------+-------------------------------------------
     0 | D:1      | GloriousHammer the Troll Fighter began the quest for the
                  | Orb.
     0 | D:1      | Reached XP level 1. HP: 22/22 MP: 0/0
   150 | D:1      | Reached XP level 2. HP: 29/29 MP: 1/1
   580 | D:2      | Found a faded altar of an unknown god.
   677 | D:2      | Reached XP level 3. HP: 36/36 MP: 2/2
  1648 | D:3      | Reached XP level 4. HP: 45/45 MP: 3/3
  1703 | D:3      | Reached skill level 3 in Unarmed Combat
  2148 | D:3      | Reached XP level 5. HP: 53/53 MP: 4/4
  3053 | D:4      | Noticed Edmund
  3062 | D:4      | Killed Edmund
  3063 | D:4      | Reached skill level 4 in Unarmed Combat
  3063 | D:4      | Reached XP level 6. HP: 54/62 MP: 5/5
  3641 | D:5      | Entered Level 5 of the Dungeon
  3667 | D:5      | Noticed Sigmund
  3687 | D:5      | Killed Sigmund
  3691 | D:5      | Found a runed translucent gate.
  3691 | D:5      | Found a runed translucent gate.
  3691 | D:5      | Found a runed translucent gate.
  3691 | D:5      | Noticed a yak
  3692 | D:5      | Noticed EonDragon20's ghost (amateur MfTm)
  3732 | D:5      | Found a staircase to the Ecumenical Temple.
  3763 | D:5      | Reached XP level 7. HP: 68/70 MP: 6/6
  3765 | Temple   | Entered the Ecumenical Temple
  4139 | D:5      | Reached skill level 5 in Shields
  4149 | D:5      | Reached skill level 5 in Unarmed Combat
  4832 | D:6      | Reached skill level 5 in Fighting
  4832 | D:6      | Reached XP level 8. HP: 67/80 MP: 7/7
  4910 | D:6      | Reached skill level 6 in Unarmed Combat
  5091 | D:6      | Found a broken altar of Ashenzari.
  5259 | D:6      | Found a shadowy altar of Dithmenos.
  5259 | D:6      | Found a burning altar of Makhleb.
  5293 | D:6      | Found a glowing silver altar of Zin.
  5293 | D:6      | Noticed an angel
  6125 | D:7      | Reached skill level 7 in Unarmed Combat
  6137 | D:7      | Reached XP level 9. HP: 88/89 MP: 8/8
  6279 | D:7      | Found a sparkling altar of Nemelex Xobeh.
  6768 | D:8      | Reached skill level 1 in Armour
  6799 | D:8      | Found a staircase to the Lair.
  6831 | D:8      | Reached skill level 8 in Unarmed Combat
  6881 | D:8      | Noticed a komodo dragon
  6897 | D:8      | Killed a komodo dragon
  6965 | D:8      | Found a flagged portal.
  6991 | Bailey   | Entered a bailey
  7022 | Bailey   | Reached XP level 10. HP: 66/101 MP: 9/9
  8226 | Bailey   | Reached skill level 9 in Unarmed Combat
  9178 | D:8      | Noticed Amaemon
  9179 | D:8      | Noticed an orange demon
  9485 | D:8      | Killed Amaemon
  9490 | D:8      | Killed an orange demon
 10935 | D:9      | Noticed a boulder beetle
 10941 | D:9      | Noticed a cyclops
 10958 | D:9      | Killed a cyclops
 10959 | D:9      | Reached XP level 11. HP: 62/113 MP: 10/10
 10971 | D:9      | Killed a boulder beetle
 10972 | D:9      | Reached skill level 5 in Armour
 10972 | D:9      | Reached skill level 10 in Unarmed Combat
 11038 | D:9      | Noticed a tengu warrior
 11322 | D:9      | Killed a tengu warrior
 11533 | D:9      | Noticed a green ugly thing
 11553 | D:9      | Killed a green ugly thing
 11861 | D:9      | Noticed a wizard
 11874 | D:9      | Killed a wizard
 12027 | D:9      | Found a glowing golden altar of the Shining One.
 12045 | D:9      | Noticed an obsidian statue
 12382 | D:9      | Reached skill level 10 in Shields
 12426 | D:9      | Found a sacrificial altar of Ru.
 12474 | D:9      | Noticed a two-headed ogre
 12477 | D:9      | Noticed a deep elf pyromancer
 12485 | D:9      | Killed a deep elf pyromancer
 12497 | D:9      | Killed a two-headed ogre
 12498 | D:9      | Reached skill level 11 in Unarmed Combat
 13098 | D:8      | Reached XP level 12. HP: 114/124 MP: 11/11
 13871 | D:5      | Killed EonDragon20's ghost
 14156 | D:9      | Reached skill level 10 in Fighting
 14274 | D:10     | Entered Level 10 of the Dungeon
 14951 | D:10     | Found a staircase to the Orcish Mines.
 15032 | D:10     | Found an ornate altar of the Wu Jian Council.
 15052 | D:10     | Became a worshipper of the Wu Jian Council
 15072 | D:10     | Paralysed by a hornet for 3 turns
 15419 | Lair:1   | Entered Level 1 of the Lair of Beasts
 15459 | Lair:1   | Reached skill level 12 in Unarmed Combat
 15495 | Lair:1   | Noticed Fannar
 15519 | Lair:1   | Killed Fannar
 15544 | Lair:1   | Found a frozen archway.
 15569 | IceCv    | Entered an ice cave
 16334 | IceCv    | Reached * piety under Wu Jian
 16377 | IceCv    | Noticed a white draconian
 16397 | IceCv    | Killed a white draconian
 17977 | Lair:2   | Reached XP level 13. HP: 118/135 MP: 9/12
 18022 | Lair:2   | Reached skill level 13 in Unarmed Combat
 18359 | Lair:2   | Reached ** piety under Wu Jian
 19222 | Lair:3   | Found a hole to the Spider Nest.
 19350 | Lair:3   | Noticed Snorg
 19360 | Lair:3   | Killed Snorg
 19535 | Lair:3   | Reached skill level 5 in Dodging
 19542 | Lair:3   | Reached *** piety under Wu Jian
 19738 | Lair:3   | Found a staircase to the Swamp.
 19797 | Lair:3   | Reached skill level 14 in Unarmed Combat
 20254 | Lair:3   | HP: 4/137 [oklob plant/splash of acid (30)]
 20810 | Lair:4   | Reached **** piety under Wu Jian
 20951 | Lair:4   | Reached XP level 14. HP: 112/146 MP: 10/13
 21244 | Lair:4   | Found a viscous altar of Jiyva.
 21637 | Lair:5   | Entered Level 5 of the Lair of Beasts
 22007 | Lair:5   | Paralysed by a hornet for 1 turns
 22325 | Lair:5   | Reached ***** piety under Wu Jian
 22363 | Lair:5   | Noticed Urug
 22391 | Lair:5   | Killed Urug
 22413 | Lair:5   | Reached skill level 15 in Unarmed Combat
 22831 | Lair:5   | Paralysed by a hornet for 3 turns
 23593 | Orc:1    | Entered Level 1 of the Orcish Mines
 23640 | Orc:1    | Reached skill level 16 in Unarmed Combat
 23793 | Orc:1    | Reached ****** piety under Wu Jian
 23872 | Orc:1    | Reached XP level 15. HP: 119/156 MP: 10/14
 24170 | Orc:2    | Entered Level 2 of the Orcish Mines
 24519 | Orc:2    | Found Huzorife's Armour Emporium.
 24702 | Orc:2    | Found a staircase to the Elven Halls.
 24845 | Orc:2    | Found Haotixiu's Assorted Antiques.
 24966 | Orc:2    | Found Wivib's General Store.
 24978 | Orc:2    | Found Nagh's Antique Armour Shop.
 24985 | Orc:2    | Bought an embroidered cloak for 217 gold pieces
 24993 | Orc:2    | Bought a scroll of identify for 26 gold pieces
 24993 | Orc:2    | Bought a scroll of identify for 26 gold pieces
 24993 | Orc:2    | Bought a scroll of identify for 26 gold pieces
 24999 | Orc:2    | Bought a scroll labelled RAUGOCR XASTREJ for 31 gold pieces
 26072 | D:12     | Found a runed translucent door.
 26076 | D:12     | Noticed Epaggetor's ghost (journeyman HOFi)
 26205 | D:12     | Reached skill level 1 in Throwing
 26989 | D:12     | Killed Epaggetor's ghost
 26997 | D:12     | Identified the +3 mace of the Coin {flame, rC+ Int+3 SInv}
 27690 | Abyss:2  | Cast into level 2 of the Abyss (a wizard)
 27752 | D:13     | Escaped the Abyss
 27849 | D:13     | Got the Exposition on Shades
 28100 | D:13     | Identified the ring of the Briny Deep {Fire rN+ rCorr}
 28352 | D:14     | Found a transporter.
 28408 | D:14     | Reached skill level 17 in Unarmed Combat
 28741 | D:14     | Found Byneg's Antique Weapon Emporium.
 28942 | D:14     | Found a transporter.
 29429 | D:14     | Found a gate to the Vaults.
 29713 | D:15     | Entered Level 15 of the Dungeon
 30086 | D:15     | Reached XP level 16. HP: 93/167 MP: 6/15
 30170 | D:15     | Found a staircase to the Depths.
 30455 | D:15     | Learned a level 2 spell: Wereblood
 30937 | Swamp:1  | Entered Level 1 of the Swamp
 30987 | Swamp:1  | Noticed Frances
 31007 | Swamp:1  | Killed Frances
 31111 | Swamp:1  | Paralysed by a hornet for 2 turns
 31501 | Swamp:1  | Reached skill level 18 in Unarmed Combat
 32719 | Swamp:2  | Reached skill level 5 in Throwing
 33257 | Swamp:3  | Noticed Kirke
 33275 | Swamp:3  | Killed Kirke
 33355 | Swamp:3  | Reached skill level 1 in Transmutations
 33878 | Swamp:3  | Identified the +1 sling "Goucus" {speed, Dex+3}
 34153 | Swamp:4  | Entered Level 4 of the Swamp
 34380 | Swamp:4  | Identified the +1 shortbow "Emyluud" {elec, Drain +Blink
                  | rCorr Str+6}
 34673 | Swamp:4  | Reached skill level 19 in Unarmed Combat
 34940 | Swamp:4  | Identified the +11 whip of Beir {venom, +Blink rPois Will-
                  | Str+4}
 35434 | Swamp:4  | Reached XP level 17. HP: 173/178 MP: 14/16
 35491 | Swamp:4  | Reached skill level 1 in Evocations
 36388 | Swamp:4  | Got a decaying rune of Zot
 36389 | Swamp:4  | Identified the +3 long sword "Nikkoar" {vamp, rN+ Will++
                  | Dex+3}
 36491 | Spider:1 | Entered Level 1 of the Spider Nest
 36502 | Spider:1 | Noticed Louise
 36507 | Spider:1 | Killed Louise
 36592 | Spider:1 | Noticed Jorgrun
 36971 | Spider:1 | Noticed Azrael
 36976 | Spider:1 | Killed Jorgrun
 36994 | Spider:1 | Killed Azrael
 37018 | Spider:1 | HP: 7/178 [culicivora (11)]
 38109 | Spider:2 | Noticed Aizul
 38118 | Spider:2 | Killed Aizul
 38176 | Spider:2 | Identified Roxanne's Verses on Talus
 38176 | Spider:2 | Noticed Roxanne
 39142 | Spider:2 | Reached skill level 20 in Unarmed Combat
 39159 | Spider:2 | Killed Roxanne
 39188 | Spider:2 | Learned a level 6 spell: Statue Form
 39191 | Spider:2 | Learned a level 2 spell: Passwall
 39708 | Spider:2 | Noticed Donald
 40653 | Spider:3 | HP: 7/178 [culicivora (2)]
 40912 | Spider:3 | Noticed Arachne
 41403 | Spider:2 | Killed Donald
 41989 | Spider:3 | Killed Arachne
 41990 | Spider:3 | Reached skill level 21 in Unarmed Combat
 42269 | Spider:4 | Entered Level 4 of the Spider Nest
 42418 | Spider:4 | Reached skill level 1 in Earth Magic
 42423 | Spider:4 | Reached XP level 18. HP: 79/185 MP: 17/17
 42522 | Spider:4 | Found a runed translucent gate.
 42522 | Spider:4 | Found a runed translucent gate.
 42522 | Spider:4 | Found a runed translucent gate.
 42529 | Spider:4 | Got Sif Muna's Handbook of Algor and Composition
 42557 | Spider:4 | Reached skill level 1 in Spellcasting
 42561 | Spider:4 | Noticed Musia's ghost (adept DjCj)
 42561 | Spider:4 | Noticed Lahaam's ghost (adept MiBe)
 42817 | Spider:4 | HP: 4/173 [culicivora (17)]
 42817 | Spider:4 | Slain by a wolf spider

Illustrated notes

Levels and vault maps discovered:
D:1:      dpeg_arrival_signposts, layout_basic
D:2:      layout_basic, nicolae_ecumenical_pavilion
D:3:      layout_loops_ring, chequers_arboretum
D:4:      layout_basic, uniq_edmund
D:5:      lemuel_ratsnest, layout_loops_ring,
          minmay_temple_entry_drinking_statues, gammafunk_ghost_split,
          uniq_sigmund
D:6:      layout_gridville, lemuel_crystal_altar, zin_angel,
          amethyst_overflow_temple_binary
D:7:      kennysheep_steamy, layout_basic, mainiacjoe_overflow_small_starburst
D:8:      minmay_klotski, layout_layer_cave, erik_lair_orcish_takeover,
          enter_bailey_3, hangedman_abyss_or_decor_jellyfish_corner,
          uniq_amaemon
D:9:      minmay_the_grid_3x3 [minmay_the_grid_tiny_cups,
          minmay_the_grid_embedded, minmay_the_grid_small_cups,
          minmay_the_grid_gridbox, minmay_the_grid_garden,
          minmay_the_grid_minigrid_large, minmay_the_grid_minigrid_medium,
          minmay_the_grid_zigzag_pyramid, minmay_the_grid_prize_inner_circle],
          layout_rooms, mainiacjoe_overflow_cross_hatched,
          mainiacjoe_overflow_surrounded_room, minivault_16
D:10:     layout_basic, kennysheep_mini_moat, hiddenorc1_lemuel
D:11:     layout_roguey
D:12:     layout_basic, ebering_ghost_reflecting_pool
D:13:     cheibrodos_lost_city_excavation, layout_loops_corners, special_room
          [special_room_orc]
D:14:     gammafunk_worm_tunnel, layout_stronghold, grunt_vaults_entry_tiered,
          serial_shops, shop, kennysheep_minor_cross
D:15:     grunt_enter_depths_hoard, layout_basic
Temple:   nicolae_temple_bog_church
Lair:1:   layout_cave_pods, portal_ice_cave_entry_ice_simulacra,
          lemuel_fruit_fields, grunt_megastairs_3, uniq_fannar
Lair:2:   nzn_winding_woodlands_small [nzn_winding_woodlands_5x15_lazy_stream,
          nzn_winding_woodlands_center_lodge,
          nzn_winding_woodlands_5x15_pockets], layout_regular_city,
          nicolae_lair_lakeside_cave, infiniplex_staircase_pool
Lair:3:   layout_loops_ring, minmay_swamp_entry_wisps, spider_nest_entry_webs,
          worms_lemuel, infiniplex_staircase_pool_2, lemuel_fruit_tree,
          uniq_snorg
Lair:4:   layout_loops_ring, minmay_slime_entry_oklob_enclosed,
          beast_lair_carwin_10
Lair:5:   minmay_lair_end_enchanted_forest, layout_hall_layers, uniq_urug
Swamp:1:  layout_falls_marsh, evilmike_swamp_ruin_house_6, uniq_frances
Swamp:2:  layout_basic_swamp, evilmike_swamp_ruin_rubble_1,
          nicolae_swamp_feature_on_the_river_bank
Swamp:3:  layout_basic_swamp, evilmike_swamp_ruin_house_2, uniq_kirke
Swamp:4:  swamp_basic_johnstein, layout_basic_swamp
Spider:1: layout_spider_delve, drop_trap, uniq_azrael, uniq_jorgrun, uniq_louise
Spider:2: layout_spider_delve, nicolae_spider_swamp_cousins, uniq_donald,
          uniq_aizul, uniq_roxanne
Spider:3: layout_spider_delve, uniq_arachne
Spider:4: hellmonk_spider_rune_endless_swarm, gammafunk_ghost_cemetery,
          uniq_asterion
Orc:1:    layout_diamond_mine
Orc:2:    st_orc_elflike, layout_diamond_mine

Skill      XL: |  1  2  3  4  5  6  7  8  9 10 11 12 13 14 15 16 17 18 |
---------------+-------------------------------------------------------+-----
Shields        | 3 4 5 6 8 9 10 11 12 13 | 13.3
Fighting       | 3 4 5 6 7 8 9 10 11 12 13 | 13.3
Unarmed Combat | 3 4 5 7 8 9 11 12 14 16 17 19 21 | 21.1
Armour         | 2 4 6 |  6.0
Dodging        | 4 5 7 8 9 |  9.9
Throwing       | 3 5 |  5.5
Transmutations | 2 4 |  4.7
Evocations     | 3 |  3.5
Earth Magic    | 1 2 |  2.0
Spellcasting   | 1 |  1.3

Action                     |  1- 3 |  4- 6 |  7- 9 | 10-12 | 13-15 | 16-18 || total
---------------------------+-------+-------+-------+-------+-------+-------++-------
  Melee: Unarmed           |   103 |   163 |   400 |   843 |  1779 |  1063 ||  4351
  Throw: Stone             |     1 |     6 |     7 |     7 |       |       ||    21
         Dart              |       |       |       |    11 |     1 |    18 ||    30
         Boomerang         |       |       |       |     3 |       |     1 ||     4
         Large rock        |       |       |       |       |     7 |    84 ||    91
         Javelin           |       |       |       |       |     4 |     5 ||     9
 Invoke: Serpent's Lash    |       |       |       |       |    10 |    26 ||    36
         Heavenly Storm    |       |       |       |       |       |     2 ||     2
Ability: Lunge             |       |       |       |     9 |   118 |    67 ||   194
         Whirlwind         |       |       |       |     1 |   331 |   184 ||   516
         Wall Jump         |       |       |       |       |     1 |     3 ||     4
  Evoke: Wand              |       |       |       |     8 |     5 |    11 ||    24
         Phantom mirror    |       |       |       |       |     1 |     2 ||     3
    Use: Potion            |       |     1 |     4 |     4 |       |    12 ||    21
         Scroll            |       |       |     5 |    11 |    20 |    12 ||    48
   Stab: Sleeping          |     1 |       |       |       |       |       ||     1
         Invisible         |       |       |       |       |     1 |     2 ||     3
 Armour: Robe              |    21 |       |       |       |       |       ||    21
         Quicksilver drago |    16 |    70 |   172 |   319 |   501 |   102 ||  1180
         Swamp dragon scal |       |       |       |       |       |   342 ||   342
  Dodge: Dodged            |    27 |    59 |   136 |   257 |   527 |   471 ||  1477
  Block: Kite shield       |    38 |    77 |   186 |   462 |   931 |   757 ||  2451

Table legend: (Time is in decaauts)
 A = Elapsed time spent in this place.
 B = Non-inter-level travel time spent in this place.
 C = Inter-level travel time spent in this place.
 D = Time resting spent in this place.
 E = Time spent auto-exploring this place.
 F = Levels seen in this place.
 G = Mean time per level.
                   A        B        C        D        E       F      G
               +--------+--------+--------+--------+--------+-----+--------+
         Total |  42389 |  40250 |   2139 |  12510 |  18194 |  34 | 1246.7 |
       Dungeon |  18701 |  17510 |   1191 |   4178 |   9455 |  15 | 1246.7 |
        Temple |    185 |    163 |     22 |      0 |    153 |   1 |  185.0 |
          Lair |   7504 |   7146 |    358 |   1926 |   3439 |   5 | 1500.8 |
         Swamp |   5623 |   5366 |    257 |   2258 |   1805 |   4 | 1405.8 |
   Spider Nest |   5396 |   5172 |    224 |   2052 |   2154 |   4 | 1349.0 |
  Orcish Mines |   1445 |   1360 |     85 |    197 |    816 |   2 |  722.5 |
         Abyss |     59 |     59 |      0 |      0 |      0 |   1 |   59.0 |
        Bailey |   2172 |   2172 |      0 |   1100 |    205 |   1 | 2172.0 |
      Ice Cave |   1302 |   1302 |      0 |    797 |    167 |   1 | 1302.0 |
               +--------+--------+--------+--------+--------+-----+--------+

Top non-repeatable levels by time:
Spider:2: 2776 daAuts
     D:8: 2688 daAuts
     D:9: 2475 daAuts
 Swamp:4: 2217 daAuts
  Bailey: 2172 daAuts
  Lair:3: 2089 daAuts
Spider:3: 1649 daAuts
    D:14: 1561 daAuts
  Lair:4: 1546 daAuts
  Lair:5: 1436 daAuts
 Swamp:1: 1309 daAuts
   IceCv: 1302 daAuts
     D:7: 1257 daAuts
  Lair:1: 1230 daAuts
    D:13: 1214 daAuts
